 Dungeon Crawl Stone Soup version 0.30-a0-122-g2a1322497e (webtiles) character file.

Game seed: 15842715054113291164

45 pokeman the Magician (level 3, 0/20 HPs)
             Began as a Deep Elf Hedge Wizard on Sept 15, 2022.
             Succumbed to an adder's poison
             ... on level 2 of the Dungeon.
             The game lasted 00:02:45 (1385 turns).

pokeman the Magician (Deep Elf Hedge Wizard)        Turns: 1385, Time: 00:02:46

Health: 0/20       AC:  2    Str:  7    XL:     3   Next: 42%
Magic:  2/11       EV: 12    Int: 20    God:
Gold:   65         SH:  0    Dex: 14    Spells: 2/12 levels left

rFire   . . .      SeeInvis .    e - +2 dagger (freeze)
rCold   . . .      Faith    .    (no shield)
rNeg    . . .      Spirit   .    b - +0 robe
rPois   .          Reflect  .    c - +0 hat
rElec   .          Harm     .    (no cloak)
rCorr   .          Rampage  .    (no gloves)
Will    .....                    (no boots)
Stlth   ++........               (no amulet)
HPRegen 0.06/turn                (no ring)
MPRegen 0.12/turn                (no ring)

@: lethally poisoned (0 -> -7)
A: no striking features
a: no special abilities


You were on level 2 of the Dungeon.
You visited 1 branch of the dungeon, and saw 2 of its levels.

You collected 65 gold pieces.

Inventory:

Hand Weapons
 e - a +2 dagger of freezing (weapon)
Armour
 b - a +0 robe (worn)
 c - a +0 hat (worn)
Scrolls
 a - a scroll of teleportation {unknown}
 g - a scroll of identify {unknown}
Potions
 d - a potion of magic
 f - a potion of brilliance {unknown}
 h - a potion of attraction {unknown}


   Skills:
 + Level 0.8 Fighting
 + Level 1.0 Armour
 - Level 2.4 Dodging
 - Level 2.4 Stealth
 * Level 5.2 Spellcasting
 + Level 1.8 Conjurations
 - Level 1.1 Summonings
 - Level 1.1 Translocations


You had 2 spell levels left.
You knew the following spells:

 Your Spells              Type           Power      Damage    Failure   Level
a - Magic Dart            Conj           48%        1d5       5%          1
b - Mephitic Cloud        Conj/Pois/Air  7%         N/A       26%         3
c - Call Imp              Summ           9%         N/A       11%         2
d - Blink                 Tloc           18%        N/A       11%         2
e - Cigotuvi's Dreadful   Necr/Pois/Air  10%        N/A       17%         2

Your spell library contained the following spells:

 Spells                   Type           Power      Damage    Failure   Level
 Slow                     Hex            20%        N/A       12%         1


Dungeon Overview and Level Annotations

Branches:
Dungeon (2/15)

Altars:


Message History

The adder bites you.
You are poisoned.
The adder poisons you! The adder bites you but does no damage.
Casting: Magic Dart (safe; 5% risk of failure)
Confirm with . or Enter, or press ? or * to list all spells.
Aiming: Magic Dart (safe; 5% risk of failure)
Press: ? - help, Shift-Dir - straight line, f/p - adder
Aim: an adder (heavily wounded, 100% to hit)
The magic dart hits the adder.
The adder is almost dead.
You feel sick. The adder bites you.
Casting: Magic Dart (safe; 5% risk of failure)
Confirm with . or Enter, or press ? or * to list all spells.
Aiming: Magic Dart (safe; 5% risk of failure)
Press: ? - help, Shift-Dir - straight line, f/p - adder
Aim: an adder (almost dead, 100% to hit)
The magic dart hits the adder but does no damage.
The adder is almost dead.
You feel sick. The adder bites you.
* * * LOW HITPOINT WARNING * * *
You are lethally poisoned!
The adder poisons you!
Unknown command.
Casting: Magic Dart (safe; 5% risk of failure)
Confirm with . or Enter, or press ? or * to list all spells.
Aiming: Magic Dart (safe; 5% risk of failure)
Press: ? - help, Shift-Dir - straight line, f/p - adder
Aim: an adder (almost dead, 100% to hit)
The magic dart hits the adder but does no damage.
The adder is almost dead.
* * * LOW HITPOINT WARNING * * *
You feel sick. The adder barely misses you.
Casting: Magic Dart (safe; 5% risk of failure)
Confirm with . or Enter, or press ? or * to list all spells.
Aiming: Magic Dart (safe; 5% risk of failure)
Press: ? - help, Shift-Dir - straight line, f/p - adder
Aim: an adder (almost dead, 100% to hit)
The magic dart hits the adder.
You kill the adder!
You die...

#♣.~~.##.#########...#.....#
#...P#P.P.........####...##
#P..####..###.†#### #...##
##P## ####.#....# #...##
###.. ...#...<# ##....
.....###.#...(# #....
......†.......# #....
.....###).#...# ##### ...
#@.##...# # . #..## ...# #
+.## ...# # ## ...# # ...# #
# #


There were no monsters in sight!

Vanquished Creatures
  2 adders (D:2)
  A worm (D:2)
  A dart slug (D:2)
  2 bats (D:1)
  3 endoplasms
  5 goblins (D:1)
  4 hobgoblins
  2 quokkas
  2 ball pythons (D:1)
  3 frilled lizards
  4 kobolds
  4 rats
33 creatures vanquished.

Notes
Turn   | Place    | Note
-------+----------+-------------------------------------------
     0 | D:1      | pokeman the Deep Elf Hedge Wizard began the quest for the
                  | Orb.
     0 | D:1      | Reached XP level 1. HP: 10/10 MP: 7/7
   262 | D:1      | Reached XP level 2. HP: 15/15 MP: 7/9
   912 | D:2      | Reached skill level 5 in Spellcasting
  1092 | D:2      | Reached XP level 3. HP: 20/20 MP: 6/11
  1096 | D:2      | Learned a level 3 spell: Mephitic Cloud
  1099 | D:2      | Learned a level 2 spell: Call Imp
  1102 | D:2      | Learned a level 2 spell: Blink
  1105 | D:2      | Learned a level 2 spell: Cigotuvi's Dreadful Rot
  1347 | D:2      | Found a faded altar of an unknown god.
  1378 | D:2      | Reached skill level 1 in Armour
  1385 | D:2      | Succumbed to an adder's poison

Illustrated notes

Levels and vault maps discovered:
D:1:      dreamdust_arrival_beginning_and_end, layout_loops_cross, hex_large
D:2:      layout_basic, dreamdust_ecumenical_altar_hidden_monk_grotto,
          serial_shops, shop_fountains, nicolae_figureground_sparkle, uniq_robin

Skill      XL: |  1  2  3 |
---------------+----------+-----
Spellcasting   | 5 |  5.2
Armour         | 1 |  1.0
Fighting       | |  0.8
Dodging        | |  2.4
Stealth        | |  2.4
Conjurations   | |  1.8
Summonings     | |  1.1
Translocations | |  1.1

Action                   || total
-------------------------++-------
Melee: Dagger            ||     5
 Cast: Magic Dart        ||    75
       Mephitic Cloud    ||     1
 Stab: Sleeping          ||     1
       Confused          ||     2
Armor: Robe              ||     3
Dodge: Dodged            ||     7

Table legend: (Time is in decaauts)
 A = Elapsed time spent in this place.
 B = Non-inter-level travel time spent in this place.
 C = Inter-level travel time spent in this place.
 D = Time resting spent in this place.
 E = Time spent auto-exploring this place.
 F = Levels seen in this place.
 G = Mean time per level.
                   A        B        C        D        E       F      G
               +--------+--------+--------+--------+--------+-----+--------+
         Total |   1384 |   1344 |     40 |     45 |   1138 |   2 |  692.0 |
       Dungeon |   1384 |   1344 |     40 |     45 |   1138 |   2 |  692.0 |
               +--------+--------+--------+--------+--------+-----+--------+

Top non-repeatable levels by time:
     D:1: 981 daAuts
     D:2: 403 daAuts
